 Dungeon Crawl Stone Soup version 0.31.0-9-g3a7656b989 (webtiles) character file.

Game seed: 5905664036492279056

123 GordonOverkill the Trooper (level 4, 0/38 HPs)
             Began as a Demigod Gladiator on Jan 26, 2024.
             Slain by an orc priest
             ... wielding a +0 whip
              (3 damage)
             ... on level 3 of the Dungeon.
             The game lasted 00:04:07 (3219 turns).

GordonOverkill the Trooper (Demigod Gladiator)      Turns: 3219, Time: 00:04:07

Health: 0/38       AC:  5    Str: 15    XL:     4   Next: 51%
Magic:  0/9        EV: 12    Int: 14    God:
Gold:   87         SH:  0    Dex: 15    Spells: 2/7 levels left

rFire   . . .        a - +0 war axe
rCold   . . .        (no shield)
rNeg    . . .        b - +0 leather armour
rPois   .            c - +0 helmet
rElec   .            (no cloak)
rCorr   .            (no gloves)
SInv    .            f - +0 pair of boots
Will    .....        (no amulet)
Stlth   +            (no ring)
HPRegen 0.26/turn    (no ring)
MPRegen 0.11/turn

%: no passive effects
@: very slightly contaminated
A: high MP 1, forlorn, divine attributes
a: no special abilities


You were on level 3 of the Dungeon.
You visited 1 branch of the dungeon, and saw 3 of its levels.

You collected 87 gold pieces.

Inventory:

Hand Weapons
 a - a +0 war axe (weapon)
Missiles
 d - 3 throwing nets (quivered)
 e - a javelin
Armour
 b - a +0 leather armour (worn)
 c - a +0 helmet (worn)
 f - a +0 pair of boots (worn)
Scrolls
 h - 2 scrolls of immolation {unknown}
 i - a scroll of noise {unknown}
 k - a scroll of enchant armour {unknown}
 l - 2 scrolls of identify {unknown}
 n - a scroll of torment {unknown}
 p - a scroll of brand weapon {unknown}
Potions
 g - a potion of curing {unknown}
 j - a potion of attraction {unknown}
 m - a potion of mutation {unknown}
 o - 2 potions of haste {unknown}
 q - a potion of brilliance {unknown}


   Skills:
 - Level 3.0 Fighting
 - Level 2.6 Axes
 - Level 1.7 Throwing
 - Level 2.6 Dodging
 - Level 2.0 Spellcasting
 + Level 2.2 Air Magic


You had 2 spell levels left.
You knew the following spells:

 Your Spells              Type           Power      Damage    Failure   Level
a - Shock                 Conj/Air       16%        1d4       19%         1
b - Airstrike             Air            3%         2d(1-17)  75%         4

Your spell library contained the following spells:

 Spells                   Type           Power      Damage    Failure   Level
 Freeze                   Ice            4%         1d3       28%         1
 Sandblast                Erth           2%         2d4       28%         1
 Ensorcelled Hibernation  Hex/Ice        2%         N/A       41%         2
 Swiftness                Air            7%         N/A       34%         3
 Frozen Ramparts          Ice            2%         1d1       65%         3
 Hailstorm                Conj/Ice       1%         3d5       65%         3
 Passwall                 Erth           1%         N/A       65%         3
 Stone Arrow              Conj/Erth      2%         3d7       65%         3
 Brom's Barrelling Bould  Conj/Erth      1%         2d3       96%         4


Dungeon Overview and Level Annotations

Branches:
Dungeon (3/15)


Innate Abilities, Weirdness & Mutations

You have an increased reservoir of magic. (+10% MP)
You shall have no god before yourself.
Your divine heritage dramatically boosts your attributes as you level up.


Message History

The zap hits the orc priest.
The orc priest is heavily wounded.
The orc priest hits you but does no damage.
Casting: Shock (safe; 19% risk of failure)
Confirm with . or Enter, or press ? or * to list all spells.
Aiming: Shock (safe; 19% risk of failure)
Press: ? - help, Shift-Dir - straight line, f/p - orc priest
Aim: an orc priest, wielding a +0 whip (heavily wounded, 64% to hit)
The zap hits the orc priest.
The orc priest is almost dead.
The orc priest calls down the wrath of Beogh upon you.
Pain shoots through your body!
* * * LOW HITPOINT WARNING * * *
Casting: Shock (safe; 19% risk of failure)
Confirm with . or Enter, or press ? or * to list all spells.
Aiming: Shock (safe; 19% risk of failure)
Press: ? - help, Shift-Dir - straight line, f/p - orc priest
Aim: an orc priest, wielding a +0 whip (almost dead, 64% to hit)
The zap misses the orc priest.
The orc priest calls down the wrath of Beogh upon you.
Pain shoots through your body!
* * * LOW HITPOINT WARNING * * *
Casting: Shock (safe; 19% risk of failure)
Confirm with . or Enter, or press ? or * to list all spells.
Aiming: Shock (safe; 19% risk of failure)
Press: ? - help, Shift-Dir - straight line, f/p - orc priest
Aim: an orc priest, wielding a +0 whip (almost dead, 64% to hit)
You miscast Shock.
Nothing appears to happen.
The orc priest hits you with a +0 whip.
* * * LOW HITPOINT WARNING * * *
Okay, then.
You barely miss the orc priest.
The orc priest is almost dead.
The orc priest mumbles some strange prayers to Beogh against you.
Pain shoots through your body!
* * * LOW HITPOINT WARNING * * *
You barely miss the orc priest.
The orc priest is almost dead.
The orc priest closely misses you. The orc priest hits you with a +0 whip.
You die...

####...###..####
###.........# #
###...#..<..###...........#
###.......#...#.........#
###.......###.........#
#......## ########### .
#.o.....# #.. #..####)# # #
....# #o#### . .###.#
#@...# . #.# ####.# ...
..... ...o... .......
o...... .......


You could see an orc priest.

Vanquished Creatures
  6 adders
  2 dart slugs
  2 ribbon worms (D:2)
  An orc (D:3)
  7 endoplasms
  2 giant cockroaches (D:1)
  2 goblins
  13 hobgoblins
  A quokka (D:1)
  4 ball pythons
  6 bats
  2 frilled lizards
  6 kobolds
  2 rats (D:1)
56 creatures vanquished.

Notes
Turn   | Place    | Note
-------+----------+-------------------------------------------
     0 | D:1      | GordonOverkill the Demigod Gladiator began the quest for
                  | the Orb.
     0 | D:1      | Reached XP level 1. HP: 17/17 MP: 3/3
    62 | D:1      | Reached skill level 2 in Fighting
   103 | D:1      | Reached XP level 2. HP: 24/25 MP: 4/4
   117 | D:1      | Learned a level 1 spell: Shock
   470 | D:1      | Reached skill level 3 in Fighting
   879 | D:1      | Reached skill level 1 in Air Magic
  1063 | D:2      | Reached XP level 3. HP: 31/31 MP: 2/5
  1159 | D:2      | Reached skill level 1 in Spellcasting
  2147 | D:2      | Reached XP level 4. HP: 38/38 MP: 0/8
  2417 | D:2      | Learned a level 4 spell: Airstrike
  3219 | D:3      | Slain by an orc priest

Illustrated notes

Levels and vault maps discovered:
D:1:      scummos_arrival_gate, layout_basic, basic_ecumenical_altar, hex_large,
          minmay_tall_x
D:2:      layout_loops_ring, chequers_serial_rivers_micro_a,
          kennysheep_generic_room_14
D:3:      layout_rooms

Skill      XL: |  1  2  3  4 |
---------------+-------------+-----
Fighting       | 2 3 |  3.0
Air Magic      | 1 2 |  2.2
Spellcasting   | 1 2 |  2.0
Axes           | |  2.6
Throwing       | |  1.7
Dodging        | |  2.6

Action                     |  1- 3 |  4- 6 || total
---------------------------+-------+-------++-------
  Melee: War axe           |    98 |    19 ||   117
         Punch             |     1 |       ||     1
   Cast: Shock             |    52 |    37 ||    89
 Armour: Leather armour    |    50 |    24 ||    74
  Dodge: Dodged            |    97 |    25 ||   122
